 Dungeon Crawl Stone Soup version 0.27.1-3-gb3d3a73c9e (webtiles) character file.

Game seed: 464479093697642990

142 pentaflop the Cutter (level 5, -7/41 HPs)
             Began as a Demonspawn Chaos Knight on Oct 12, 2021.
             Was a Plaything of Xom.
             Mangled by Sigmund the mana viper (glowing shapeshifter) (12 damage)
             ... on level 3 of the Dungeon.
             The game lasted 00:14:28 (3125 turns).

pentaflop the Cutter (Demonspawn Chaos Knight)      Turns: 3125, Time: 00:14:28

Health: -7/41      AC:  7    Str: 13    XL:     5   Next: 3%
Magic:  0/5        EV: 13    Int: 13    God:    Xom [.....*]
Gold:   182        SH:  0    Dex: 15    Spells: 4/4 levels left

rFire    . . .     SeeInvis .   a - +0 short sword (chaos)
rCold    . . .     Faith    .   (no shield)
rNeg     . . .     Spirit   .   b - +3 leather armour
rPois    .         Reflect  .   (helmet restricted)
rElec    .         Harm     .   l - +0 cloak
rCorr    .         Rampage  .   (no gloves)
Will     .....                  (no boots)
Stlth    ++........             (no amulet)
HPRegen  0.13/turn              (no ring)
MPRegen  0.09/turn              (no ring)

@: no status effects
A: horns 1, repulsion field 1, agile 1
a: Renounce Religion


You were on level 3 of the Dungeon.
You worshipped Xom.
You were Xom's teddy bear.
You visited 1 branch of the dungeon, and saw 3 of its levels.

You collected 182 gold pieces.

Inventory:

Hand Weapons
 a - a +0 short sword of chaos (weapon)
Missiles
 g - 8 datura-tipped darts
 h - 18 poisoned darts
Armour
 b - a +3 leather armour (worn)
 l - a +0 cloak (worn)
Jewellery
 n - a ring of magical power
Wands
 j - a wand of iceblast (7) (quivered)
Scrolls
 d - a scroll of teleportation {unknown}
 o - a scroll of fear {unknown}
Potions
 c - 3 potions of curing
 e - 2 potions of heal wounds {unknown}
 f - a potion of lignification {unknown}
 i - a potion of invisibility {unknown}
 k - 2 potions of cancellation {unknown}
 m - a potion of degeneration {unknown}
 p - a potion of resistance {unknown}
 q - a potion of mutation {unknown}
Miscellaneous
 r - a lightning rod (3/4)


   Skills:
 + Level 3.5 Fighting
 + Level 3.8 Short Blades
 + Level 0.3 Throwing
 + Level 2.8 Armour
 + Level 1.2 Dodging
 * Level 1.3 Stealth


You had 4 spell levels left.
You didn't know any spells.
Your spell library was empty.

Dungeon Overview and Level Annotations

Branches:
Dungeon (3/15)

Altars:
Elyvilon
Xom

Shops:
D:2 !

Annotations:
D:3 Sigmund


Innate Abilities, Weirdness & Mutations

You have a pair of small horns on your head.
You are surrounded by a mild repulsion field. (EV +2)
You are agile. (Dex +2)


Message History

i - a sedimented green potion You open the door.
There is an open door here.
Found a potion of curing.
c - 3 potions of curing (gained 1)
You open the door.
There is an open door here.
An adder is nearby!
The adder barely misses you.
You hit the adder. You headbutt the adder.
The adder is heavily wounded.
The adder misses you.
You hit the adder but do no damage. Lightning courses through the adder!!
You kill the adder!
Sigmund looks at you with fury.
You have reached level 5!
Sigmund misses you.
You hit Sigmund.
Sigmund changes into a glowing shapeshifter!
Xom roars with laughter!
Sigmund the glowing shapeshifter changes into a mana viper!
Press: ? - help, v - describe, . - travel, g - get item
Here: Sigmund the mana viper shaped shifter
Items here: a +0 scythe; a +0 robe.
The floor.
You throw a poisoned dart. The poisoned dart misses Sigmund.
Sigmund bites you!
You feel your power leaking away.
Aiming: Iceblast
Press: ? - help, Q - select action, (/) - cycle Shift-Dir - straight line, f/p - Sigmund
Aim: Sigmund the mana viper shaped shifter
Okay, then.
Aiming: Iceblast
Press: ? - help, Q - select action, (/) - cycle Shift-Dir - straight line, p - Sigmund The mass of ice explodes!
The iceblast engulfs Sigmund!
Sigmund is moderately wounded.
Sigmund bites you!!
* * * LOW HITPOINT WARNING * * *
Sigmund bites you!
You die...
Xom is highly amused!

.#####..≈## ##..#....... # #.#.
#....#..≈≈# #...#....... #.#...#
.#.#.#...≈####...#.......##......
.#..†.#..≈#...<....####+#........
.#####...≈####...###### ........<
.........≈#............##.#......
≈.......≈≈####...................
≈≈≈....≈≈##......###.........####
##≈≈≈.≈≈##......@###.#..#.#..# #
#####'###.#.....S.......#.#..####
................).......#........
.......#..#........#.#..#.#......
#####..#....##.#.#.#.#..#.#..####
##............................
####.....#####..(....#..#.#..####
.....#####...#####.#.#.......#
####.'....._.....+....#.#.##.#


You could see Sigmund the mana viper shaped shifter.

Vanquished Creatures
  Terence (D:2)
  Robin (D:3)
  3 adders
  A worm (D:2)
  2 dart slugs
  4 orcs (D:2)
  2 ball pythons
  A bat (D:2)
  2 endoplasms
  4 giant cockroaches
  9 goblins
  7 hobgoblins
  4 jackals (D:1)
  2 quokkas
  3 frilled lizards
  9 kobolds
  9 rats
64 creatures vanquished.

Vanquished Creatures (collateral kills)
  3 goblins (D:3)
3 creatures vanquished.

Grand Total: 67 creatures vanquished

Notes
Turn   | Place    | Note
-------+----------+-------------------------------------------
     0 | D:1      | pentaflop the Demonspawn Chaos Knight began the quest for
                  | the Orb.
     0 | D:1      | Reached XP level 1. HP: 18/18 MP: 1/1
   424 | D:1      | XOM: potion effect (curing)
   435 | D:1      | Gained mutation: You are surrounded by a mild repulsion
                  | field. (EV +2) [demonic ancestry]
   435 | D:1      | Reached XP level 2. HP: 17/24 MP: 2/2
   972 | D:1      | XOM: cloud trail
  1102 | D:1      | XOM: scenery: summon butterflies
  1224 | D:2      | XOM: divination: detect creatures
  1228 | D:2      | XOM: silly message
  1363 | D:2      | XOM: silly message
  1408 | D:2      | Gained mutation: You have a pair of small horns on your
                  | head. [demonic ancestry]
  1408 | D:2      | Reached XP level 3. HP: 24/29 MP: 3/3
  1509 | D:2      | Reached skill level 1 in Dodging
  1509 | D:2      | Reached skill level 1 in Stealth
  1555 | D:2      | Found Duontage's Distillery.
  1595 | D:2      | XOM: noise
  2039 | D:2      | Noticed Terence
  2050 | D:2      | Killed Terence
  2051 | D:2      | Reached XP level 4. HP: 25/35 MP: 4/4
  2059 | D:2      | XOM: give mutation
  2059 | D:2      | Gained mutation: You are agile. (Dex +2) [Xom's grace]
  2202 | D:2      | XOM: god gift: lightning rod (4/4)
  2233 | D:2      | XOM: 3-stop teleportation journey
  2269 | D:2      | XOM: scenery: create altars
  2323 | D:2      | XOM: god gift: 23 arrows
  2651 | D:3      | Noticed Sigmund
  2655 | D:3      | Noticed Robin
  2673 | D:3      | XOM: 7-stop teleportation journey
  2692 | D:3      | XOM: god gift: 39 gold pieces
  2757 | D:3      | XOM: scenery: 1 doors close
  2872 | D:3      | Killed Robin
  2934 | D:3      | XOM: god gift: 20 stones
  3120 | D:3      | Reached XP level 5. HP: 41/41 MP: 5/5
  3122 | D:3      | Noticed Sigmund
  3122 | D:3      | Sigmund changed into Sigmund the glowing shapeshifter
  3122 | D:3      | Noticed Sigmund
  3122 | D:3      | Sigmund the glowing shapeshifter changed into Sigmund the
                  | mana viper
  3125 | D:3      | Mangled by Sigmund the mana viper (glowing shapeshifter)

Illustrated notes

Levels and vault maps discovered:
D:1:      kennysheep_arrival_seaside, layout_loops_ring, dk_noncrumbling_2,
          hex_tiny, minmay_split_cup_large
D:2:      layout_loops_ring, serial_shops, shop, guppyfry_early_orc_mine,
          uniq_terence
D:3:      minmay_evil_eye, layout_basic, mainiacjoe_overflow_surrounded_room,
          kennysheep_potato, uniq_sigmund, uniq_robin

Skill      XL: |  1  2  3 |
---------------+----------+-----
Armour         | 2 |  2.8
Short Blades   | 3 |  3.8
Dodging        | 1 |  1.2
Stealth        | 1 |  1.3
Fighting       | |  3.5
Throwing       | |  0.3

Action                   |  1- 3 |  4- 6 || total
-------------------------+-------+-------++-------
Melee: Short sword       |   131 |    57 ||   188
       Headbutt          |     5 |    11 ||    16
Throw: Dart              |    11 |     1 ||    12
Evoke: Lightning rod     |       |     1 ||     1
       Wand              |       |     1 ||     1
  Use: Scroll            |       |     2 ||     2
 Stab: Sleeping          |     2 |       ||     2
Armor: Leather armour    |    25 |    19 ||    44
Dodge: Dodged            |    77 |    27 ||   104
